 Dungeon Crawl Stone Soup version 0.30-a0-924-g0ad0bf95bc (webtiles) character file.

Game seed: 7251385597315202510

278 bande the Chopper (level 6, -4/38 HPs)
             Began as a Gargoyle Fighter on Mar 22, 2023.
             Slain by a gnoll bouda
             ... wielding a +0 whip
              (9 damage)
             ... on level 3 of the Dungeon.
             The game lasted 00:02:56 (1951 turns).

bande the Chopper (Gargoyle Fighter)                Turns: 1951, Time: 00:02:58

Health: -4/38      AC: 13    Str: 20    XL:     6   Next: 26%
Magic:  6/6        EV:  7    Int:  8    God:
Gold:   138        SH:  4    Dex: 11    Spells: 5/5 levels left

rFire   + . .      SeeInvis .    a - +0 war axe
rCold   . . .      Faith    .    c - +0 buckler
rNeg    + . .      Spirit   .    p - +0 chain mail
rPois   ∞          Reflect  .    (no helmet)
rElec   +          Rampage  .    (no cloak)
rCorr   .                        (no gloves)
Will    .....                    (no boots) Stlth
                                 (no amulet)
HPRegen 0.26/turn                k - ring of protection from fire
MPRegen 0.10/turn                (no ring)

@: weakened
A: sickness immunity, AC +4, negative energy resistance 1, electricity
resistance, torment resistance 1, petrification resistance
a: no special abilities


You were on level 3 of the Dungeon.
You visited 1 branch of the dungeon, and saw 3 of its levels.

You collected 138 gold pieces.

Inventory:

Hand Weapons
 a - a +0 war axe (weapon)
Armour
 c - a +0 buckler (worn)
 p - a +0 chain mail (worn)
Jewellery
 k - a ring of protection from fire (left hand)
Scrolls
 e - 4 scrolls of identify {unknown}
 g - a scroll of vulnerability {unknown}
 h - 4 scrolls of fog {unknown}
 i - a scroll of magic mapping {unknown}
 j - a scroll of poison {unknown}
 l - a scroll of immolation {unknown}
 m - a scroll of amnesia {unknown}
Potions
 d - 2 potions of might
 f - a potion of flight {unknown}
 o - a potion of resistance {unknown}


   Skills:
 + Level 4.2 Fighting
 + Level 4.4 Axes
 + Level 4.2 Armour
 + Level 4.0 Shields


You had 5 spell levels left.
You didn't know any spells.
Your spell library contained the following spells:

 Spells                   Type           Power      Damage    Failure   Level
 Freeze                   Ice            0%         1d3       99%         1
 Frozen Ramparts          Ice            0%         1d1       100%        3
 Hailstorm                Conj/Ice       0%         3d3       100%        3
 Inner Flame              Hex/Fire       0%         N/A       100%        3
 Flame Wave               Conj/Fire      0%         2d4       100%        4
 Sticky Flame             Conj/Fire      0%         2d3       100%        4


Dungeon Overview and Level Annotations

Branches:
Dungeon (3/15)

Altars:
Ru


Innate Abilities, Weirdness & Mutations

You are immune to sickness and miasma.
Your stone body is resilient. (AC +4)
You are immune to poison.
You resist negative energy. (rN+)
You are resistant to electric shocks. (rElec)
You are resistant to unholy torment.
You are immune to petrification.


Message History

You hit the gnoll.
You hit the gnoll bouda but do no damage.
The gnoll hits you but does no damage.
The gnoll bouda hits you with a +0 whip.
* * * LOW HITPOINT WARNING * * *
The gnoll hits you but does no damage.
You slash the gnoll!
You kill the gnoll!
You hit the gnoll.
You kill the gnoll!
You hit the gnoll bouda but do no damage.
The gnoll bouda barely misses you. You block the orc's attack.
You barely miss the orc. You barely miss the gnoll bouda.
The gnoll bouda barely misses you. The orc hits you with a +0 hand axe.
* * * LOW HITPOINT WARNING * * *
The gnoll bouda closely misses you.
Unknown command.
You hit the orc but do no damage. You hit the gnoll bouda.
The orc hits you but does no damage.
The gnoll bouda hits you but does no damage.
The orc hits you but does no damage. The orc barely misses you.
Unknown command.
You hit the gnoll bouda.
The gnoll bouda is severely wounded.
You barely miss the orc. You hit the orc.
The gnoll bouda hits you but does no damage.
You block the orc's attack. The orc hits you but does no damage.
You hit the orc.
You kill the orc!
You closely miss the orc. You hit the gnoll bouda.
Your attacks no longer feel as feeble.
The gnoll bouda gazes fiercely through you!
You feel your attacks grow feeble.
The gnoll bouda hits you with a +0 whip.
* * * LOW HITPOINT WARNING * * *
You block the orc's attack.
The gnoll bouda gazes fiercely through you!
You feel as though you will be weak longer.
The gnoll bouda hits you with a +0 whip!
You die...

######################
........)@)...P......#
......)†og...........#
~~~~≈~~~≈~~~~~~~~....#
≈≈≈≈≈≈~≈≈≈~~≈~≈≈~....#
~~~~~≈≈~g≈#####≈~....#
..........#og.#≈≈....#
#########'#...#≈~....#
..#'###≈~....#
....#.~≈~....#


You could see a gnoll bouda, 2 gnolls and an orc.

Vanquished Creatures
  2 howler monkeys (D:3)
  A hound (D:3)
  4 gnolls (D:3)
  4 adders
  5 worms
  4 dart slugs
  4 orcs (D:3)
  5 ball pythons
  5 bats
  3 endoplasms
  2 giant cockroaches (D:1)
  6 hobgoblins
  11 jackals
  2 quokkas (D:2)
  3 frilled lizards
  3 goblins
  6 kobolds
  4 rats
74 creatures vanquished.

Vanquished Creatures (others)
  A plant (D:3)
1 creature vanquished.

Grand Total: 75 creatures vanquished

Notes
Turn   | Place    | Note
-------+----------+-------------------------------------------
     0 | D:1      | bande the Gargoyle Fighter began the quest for the Orb.
     0 | D:1      | Reached XP level 1. HP: 14/14 MP: 1/1
   133 | D:1      | Reached XP level 2. HP: 9/19 MP: 2/2
   691 | D:1      | Reached XP level 3. HP: 22/23 MP: 3/3
  1078 | D:2      | Found a sacrificial altar of Ru.
  1151 | D:2      | Reached XP level 4. HP: 27/29 MP: 4/4
  1284 | D:2      | Identified the staff of cold "Cutte" {rC+ rN+++ Int-4
                  | Dex+3}
  1812 | D:3      | Reached XP level 5. HP: 33/33 MP: 5/5
  1930 | D:3      | Reached XP level 6. HP: 3/38 MP: 6/6
  1951 | D:3      | Slain by a gnoll bouda

Illustrated notes

Levels and vault maps discovered:
D:1:      minmay_arrival_doors, layout_loops_ring
D:2:      layout_loops_cross, basic_altar, minmay_octomino_c4
D:3:      lemuel_castle_with_subvaults [lemuel_castle_interior_carwin_2],
          layout_loops_ring, doesnt_xom_only_xom, hangedman_abyss_or_decor_stabs

Skill      XL: |  1  2  3  4  5  6 |
---------------+-------------------+-----
Axes           | 2 3 4 |  4.4
Fighting       | 4 |  4.2
Armour         | 4 |  4.2
Shields        | 4 |  4.0

Action                     |  1- 3 |  4- 6 || total
---------------------------+-------+-------++-------
  Melee: War axe           |   104 |   119 ||   223
    Use: Potion            |       |     2 ||     2
 Armour: Scale mail        |    80 |    17 ||    97
         Chain mail        |       |   108 ||   108
  Dodge: Dodged            |    61 |    63 ||   124
  Block: Buckler           |    17 |    34 ||    51

Table legend: (Time is in decaauts)
 A = Elapsed time spent in this place.
 B = Non-inter-level travel time spent in this place.
 C = Inter-level travel time spent in this place.
 D = Time resting spent in this place.
 E = Time spent auto-exploring this place.
 F = Levels seen in this place.
 G = Mean time per level.
                   A        B        C        D        E       F      G
               +--------+--------+--------+--------+--------+-----+--------+
         Total |   2037 |   1943 |     94 |      0 |   1430 |   3 |  679.0 |
       Dungeon |   2037 |   1943 |     94 |      0 |   1430 |   3 |  679.0 |
               +--------+--------+--------+--------+--------+-----+--------+

Top non-repeatable levels by time:
     D:1: 904 daAuts
     D:2: 825 daAuts
     D:3: 307 daAuts
